cohdb
Replays
Latest Replays
All Replays
Popular Replays
Top Player Replays
Match Explorer
How It Works
Community
CoH3 Stats
Reddit
Sign in to upload your games and track your stats! →
Sign in with Steam
Match 43773430
Unlisted
Match 43773430
Overview
Messages
Build Orders
End
Scout Squad
Construct Weapon Support Center
M1919 Machine Gun Team
M1919 Machine Gun Team
Engineer Squad
M1919 Machine Gun Team
Bazooka Squad
Construct Medical Station
Selects Heavy Weapons
Infantry Support Center
M3 Armored Personnel Carrier
Selects Assault Carriers
Engineer Squad
Selects Exchangeable Parts
M3 Assault Carrier
Construct Tank Depot
Bazooka Squad
Selects M2HB .50cal Heavy Machine Gun
Scout Squad
M4A1 Sherman Medium Tank
M4A1 Sherman Medium Tank
Scout Squad
Selects M26 Pershing Heavy Tank
M26 Pershing Heavy Tank
woof_raff
Mark29
0
0
Comments
sign in to comment!
No comments posted yet!